 Dungeon Crawl Stone Soup version 0.30-a0-121-gb27577e5d9 (webtiles) character file.

Game seed: 12025096083975197726

2970 purpskrrrp the Cleaver (level 9, -1/68 HPs)
             Began as a Demonspawn Fighter on Sept 14, 2022.
             Killed by divine providence
             ... invoked by an orc priest
              (11 damage)
             ... on level 7 of the Dungeon.
             The game lasted 00:14:29 (7497 turns).

purpskrrrp the Cleaver (Demonspawn Fighter)         Turns: 7497, Time: 00:14:29

Health: -1/68      AC: 10    Str: 33    XL:     9   Next: 52%
Magic:  9/9        EV: 13    Int:  9    God:
Gold:   63         SH:  9    Dex: 13    Spells: 8/8 levels left

rFire   . . .      SeeInvis .    a - +0 war axe
rCold   . . .      Faith    .    c - +0 buckler
rNeg    . . .      Spirit   .    t - +2 robe {Will+}
rPois   .          Reflect  .    (no helmet)
rElec   .          Harm     .    e - +2 cloak
rCorr   .          Rampage  .    (no gloves)
Will    +....                    i - +2 pair of boots
Stlth   ++........               (no amulet)
HPRegen 0.21/turn                q - +6 ring of strength
MPRegen 0.22/turn                v - +6 ring of strength

@: lethally poisoned (-1 -> -4), marked, hasted, studying Evocations, very quick
A: claws 1, large bone plates 1, powered by death 1, magic regeneration
a: no special abilities


You were on level 7 of the Dungeon.
You visited 1 branch of the dungeon, and saw 7 of its levels.

You collected 307 gold pieces.
You spent 244 gold pieces at shops.

Inventory:

Hand Weapons
 a - a +0 war axe (weapon)
 p - a +5 whip
Missiles
 d - 8 poisoned darts
 j - 14 javelins
 n - 3 silver boomerangs (quivered)
Armour
 b - a +0 scale mail
 c - a +0 buckler (worn)
 e - a +2 cloak (worn)
 i - a +2 pair of boots (worn)
 t - a +2 robe of willpower (worn)
Jewellery
 q - a +6 ring of strength (left claw)
 r - a ring of poison resistance
 v - a +6 ring of strength (right claw)
Wands
 g - a wand of flame (29)
 k - a wand of mindburst (17)
 x - a wand of digging (4)
 z - a wand of charming (5)
Scrolls
 h - 3 scrolls of immolation
 s - 3 scrolls of teleportation
 y - a scroll of amnesia
Potions
 l - a potion of ambrosia
 m - 2 potions of lignification
 u - 3 potions of invisibility
 w - a potion of degeneration
 C - a potion of brilliance
 D - a potion of resistance
 E - a potion of curing {unknown}


   Skills:
 + Level 5.2 Fighting
 * Level 9.1 Axes
 + Level 0.3 Throwing
 + Level 5.0 Armour
 * Level 4.0 Dodging
 + Level 1.0 Stealth
 + Level 4.7 Shields


You had 8 spell levels left.
You didn't know any spells.
Your spell library contained the following spells:

 Spells                   Type           Power      Damage    Failure   Level
 Magic Dart               Conj           0%         1d3       45%         1
 Cigotuvi's Dreadful Rot  Necr/Pois/Air  0%         N/A       61%         2
 Poisonous Vapours        Pois/Air       0%         N/A       61%         2
 Searing Ray              Conj           0%         2d4       61%         2
 Portal Projectile        Hex/Tloc       0%         N/A       83%         3
 Stone Arrow              Conj/Erth      0%         3d7       83%         3
 Teleport Other           Tloc           0%         N/A       83%         3
 Fulminant Prism          Conj/Hex       0%         3d6       99%         4
 Manifold Assault         Tloc           0%         N/A       99%         4


Dungeon Overview and Level Annotations

Branches:
Dungeon (7/15)             Temple (0/1) D:7

Altars:
Kikubaaqudgha
Sif Muna
Wu Jian

Shops:
D:3 [   D:7 *(


Innate Abilities, Weirdness & Mutations

You have sharp fingernails.
You are partially covered in large bone plates. (SH +4)
You regenerate a little health from kills.
You regenerate magic rapidly.


Message History

Items here: ) [ ††††.
A wyvern comes into view.
You feel sick.
The orc priest mumbles some strange prayers to Beogh against you.
Beogh smites you!
You hit the bullfrog.
The bullfrog is almost dead.
You barely miss the water moccasin.
You feel sick.
The bullfrog swells and bulges.
The bullfrog hits you.
The water moccasin bites you but does no damage.
The bullfrog hits you.
An ogre comes into view. It is wielding a +0 giant club.
You slash the bullfrog!
You kill the bullfrog!
You barely miss the water moccasin.
You feel sick.
You are no longer poisoned.
You block the water moccasin's attack. The water moccasin bites you.
You are poisoned.
The water moccasin poisons you!
The orc priest begins to cast a cantrip, but forgets the words!
You feel sick. You block the ogre's attack.
Items here: ) [ ††††.
You slash the ogre!
The ogre is moderately wounded.
You closely miss the water moccasin.
You feel sick. The water moccasin misses you. The water moccasin bites you!
You block the wyvern's attack.
You hit the ogre.
The ogre is heavily wounded.
You closely miss the water moccasin. You hit the wyvern.
You feel sick. The ogre misses you. The water moccasin bites you.
* * * LOW HITPOINT WARNING * * *
You block the wyvern's attack.
You feel yourself speed up.
You feel sick. The wyvern bites you!
* * * LOW HITPOINT WARNING * * *
The water moccasin barely misses you.
The orc priest invokes the aid of Beogh against you.
Beogh smites you!
You die...

*#.## *..,,*...........#.........
**********,*#.#........##........
,,,,,,,,,,,,*.....⌠.....#..#...##
,,*****,,,,,*#........#.##...##*#
,,,,,,,,,,,,,#..........,..##* #
,,,,,*,,,,,,,*#........#*##*
,,,,,,*,,,,,,,#.o#...###
,*******,,.,,,##Sl.###.## ###
,,,,,,*,,,...,,#@###.#..### #))
,,,,,*,,,*#....#O##.###...#####.#
,,,,,,,,,*#................(..))#
****,,***#....###################
**,,,,....,,* ***,*###*,,*
*,*..,*,,* *,*.∩,*,,* *,*,,,*,,*


You could see a water moccasin, a wyvern, an ogre and an orc priest.

Vanquished Creatures
  Sigmund (D:6)
  Eustachio (D:5)
  Menkaure (D:6)
  Duvessa (D:5)
  2 ice beasts
  A black bear (D:5)
  2 sky beasts (D:7)
  2 centaurs (D:5)
  3 phantoms
  2 kobold brigands (D:5)
  Blork the orc (D:6)
  3 bullfrogs
  4 scorpions
  Dowan (D:5)
  5 wights (D:6)
  3 killer bees (D:7)
  2 jellies
  2 orc priests (D:3)
  4 hounds
  2 orc wizards (D:7)
  3 iguanas
  4 gnolls
  3 adders
  A white imp (D:6)
  An ufetubus (D:4)
  2 worms
  2 dart slugs
  17 orcs
  11 ball pythons
  4 bats (D:1)
  9 endoplasms
  7 giant cockroaches
  11 goblins
  10 hobgoblins
  15 kobolds
  4 quokkas
  5 frilled lizards
  8 rats
160 creatures vanquished.

Vanquished Creatures (others)
  3 plants (D:4)
3 creatures vanquished.

Grand Total: 163 creatures vanquished

Notes
Turn   | Place    | Note
-------+----------+-------------------------------------------
     0 | D:1      | purpskrrrp the Demonspawn Fighter began the quest for the
                  | Orb.
     0 | D:1      | Reached XP level 1. HP: 18/18 MP: 1/1
    33 | D:1      | Gained mutation: You regenerate magic rapidly. [demonic
                  | ancestry]
    33 | D:1      | Reached XP level 2. HP: 24/24 MP: 2/2
    43 | D:1      | Reached skill level 2 in Axes
   405 | D:1      | Gained mutation: You have sharp fingernails. [demonic
                  | ancestry]
   405 | D:1      | Reached XP level 3. HP: 26/29 MP: 3/3
  1007 | D:1      | Found a faded altar of an unknown god.
  1734 | D:2      | Got Gattus's Opusculum on the Tesseract and the Geologist
  1808 | D:2      | Reached XP level 4. HP: 35/35 MP: 4/4
  2249 | D:2      | Reached skill level 3 in Axes
  2362 | D:3      | Found Neikhase's Armour Shoppe.
  2501 | D:3      | Reached skill level 1 in Dodging
  2615 | D:3      | Reached XP level 5. HP: 26/41 MP: 5/5
  2956 | D:3      | You fall into a shaft and drop 2 floors!
  2956 | D:5      | Entered Level 5 of the Dungeon
  2971 | D:5      | Reached skill level 4 in Axes
  2975 | D:5      | Reached XP level 6. HP: 37/48 MP: 6/6
  3755 | D:4      | Reached skill level 5 in Axes
  4255 | D:4      | Gained mutation: You regenerate a little health from kills.
                  | [demonic ancestry]
  4255 | D:4      | Reached XP level 7. HP: 41/53 MP: 7/7
  5080 | D:5      | Noticed Eustachio
  5119 | D:5      | Killed Eustachio
  5146 | D:5      | Noticed Dowan
  5147 | D:5      | Noticed Duvessa
  5157 | D:5      | Killed Dowan
  5158 | D:5      | Reached skill level 6 in Axes
  5159 | D:5      | Killed Duvessa
  5162 | D:5      | Reached XP level 8. HP: 35/61 MP: 8/8
  5323 | D:5      | Found an ancient bone altar of Kikubaaqudgha.
  5370 | D:5      | Reached skill level 7 in Axes
  5648 | D:5      | Found a shimmering blue altar of Sif Muna.
  5931 | D:6      | Noticed Menkaure
  5938 | D:6      | Killed Menkaure
  6073 | D:6      | Noticed Blork the orc
  6083 | D:6      | Killed Blork the orc
  6084 | D:6      | Reached skill level 8 in Axes
  6356 | D:6      | Gained mutation: You are partially covered in large bone
                  | plates. (SH +4) [demonic ancestry]
  6356 | D:6      | Reached XP level 9. HP: 62/65 MP: 9/9
  6412 | D:6      | Noticed Sigmund
  6428 | D:6      | Killed Sigmund
  6497 | D:6      | Reached skill level 5 in Armour
  6674 | D:6      | Found an ornate altar of the Wu Jian Council.
  7233 | D:7      | Reached skill level 5 in Fighting
  7246 | D:7      | Found Denkit's Assorted Antiques.
  7278 | D:7      | Bought 3 scrolls of identify for 138 gold pieces
  7279 | D:7      | Bought a scroll labelled WEKHLI FOIPT for 23 gold pieces
  7279 | D:7      | Bought a scroll labelled ESINTO TUIBOGI for 23 gold pieces
  7279 | D:7      | Bought a red potion for 20 gold pieces
  7279 | D:7      | Bought a fuming grey potion for 20 gold pieces
  7279 | D:7      | Bought a green potion for 20 gold pieces
  7387 | D:7      | Found Vykkuhub's Antique Weapon Boutique.
  7445 | D:7      | Reached skill level 1 in Stealth
  7473 | D:7      | Reached skill level 9 in Axes
  7497 | D:7      | Killed from afar by an orc priest

Illustrated notes

Levels and vault maps discovered:
D:1:      lemuel_arrival_cross, layout_loops_ring,
          shapermc_ecumenical_altar_venn, st_stairs_9, minmay_unequal
D:2:      kennysheep_big_flooded_room, layout_loops_corners,
          minmay_misc_feat_doors
D:3:      cheibrodos_pilgrimage, layout_rooms, serial_shops, shop,
          corexii_corridor_pit, grunt_ministairs_9
D:4:      layout_gridville, chequers_big_river
D:5:      layout_basic, mainiacjoe_overflow_brackets, kennysheep_mini_moat,
          minmay_manual_mares, uniq_duvessa, uniq_eustachio
D:6:      layout_cave_pools, nicolae_wu_jian_immortal_techniques, uniq_menkaure,
          uniq_sigmund, uniq_blork_the_orc
D:7:      minmay_skewed_foursquare, layout_rooms,
          grunt_temple_overflow_champion_of_chaos, serial_shops, shop,
          nicolae_diamond_shop, shop, nicolae_shop_advertising_works
          [nicolae_subvault_shop_adworks], nicolae_take_the_stairs

Skill      XL: |  1  2  3  4  5  6  7  8  9 |
---------------+----------------------------+-----
Axes           | 2 3 4 5 6 8 9 |  9.1
Armour         | 3 4 5 |  5.0
Dodging        | 1 2 3 4 |  4.0
Shields        | 3 4 |  4.7
Fighting       | 4 5 |  5.2
Stealth        | 1 |  1.0
Throwing       | |  0.3

Action                   |  1- 3 |  4- 6 |  7- 9 || total
-------------------------+-------+-------+-------++-------
Melee: War axe           |    93 |   204 |   227 ||   524
Throw: Boomerang         |       |       |     5 ||     5
  Use: Scroll            |     2 |     5 |    14 ||    21
       Potion            |       |     2 |     3 ||     5
Armor: Scale mail        |    47 |   116 |    97 ||   260
       Robe              |       |       |    28 ||    28
Dodge: Dodged            |    60 |   118 |   159 ||   337
Block: Buckler           |    17 |    49 |   102 ||   168

Table legend: (Time is in decaauts)
 A = Elapsed time spent in this place.
 B = Non-inter-level travel time spent in this place.
 C = Inter-level travel time spent in this place.
 D = Time resting spent in this place.
 E = Time spent auto-exploring this place.
 F = Levels seen in this place.
 G = Mean time per level.
                   A        B        C        D        E       F      G
               +--------+--------+--------+--------+--------+-----+--------+
         Total |   7660 |   7222 |    438 |    302 |   5535 |   7 | 1094.3 |
       Dungeon |   7660 |   7222 |    438 |    302 |   5535 |   7 | 1094.3 |
               +--------+--------+--------+--------+--------+-----+--------+

Top non-repeatable levels by time:
     D:4: 1770 daAuts
     D:2: 1227 daAuts
     D:1: 1183 daAuts
     D:5: 1116 daAuts
     D:3: 938 daAuts
     D:6: 844 daAuts
     D:7: 580 daAuts
